AoeStats
← Eidolon

Arabia

506971619Analyzed
1v1 RM · 16d ago on Sep 16, 2026· 41m 23s· 2 players
Game mode
Random Map
Map size
Tiny (2 player)
Population
200
Speed
Normal
Resources
Standard
Victory
Conquest
Starting age
Dark Age
Ending age
Imperial Age
RankedLock teamsTeams togetherTeam positionsShared explorationLock speedFull tech treeHidden civsTurbo modeCheats
Victory
Defeat
🇨🇦 Aztecs · Canada
1236
+17
🇨🇳 Burgundians · China
1248
-17
Eidolon
9:03 Feudal Age
9:43 Loom
15:26 Double-Bit Axe
19:35 Castle Age
20:04 Eagle Warrior
20:57 Horse Collar
21:33 Bow Saw
23:43 Gold Mining
26:35 Squires
26:38 Scale Mail Armor
26:49 Forging
27:09 Sanctity
30:43 Chain Mail Armor
34:34 Imperial Age
32:41 Wheelbarrow
34:45 Elite Eagle Warrior
35:57 Plate Mail Armor
36:03 Iron Casting
36:03 Conscription
38:42 Block Printing
38:52 Illumination
39:38 Garland Wars
40:20 Blast Furnace
KenChan
6:37 Loom
9:22 Feudal Age
9:52 Town Watch
10:00 Double-Bit Axe
11:38 Bow Saw
14:53 Fletching
16:14 Padded Archer Armor
22:25 Castle Age
21:33 Scale Barding Armor
21:26 Gold Mining
21:17 Horse Collar
21:49 Forging
22:50 Wheelbarrow
25:32 Cavalier
31:19 Hand Cart
31:41 Light Cavalry
36:59 Imperial Age
37:00 Husbandry
38:38 Chain Barding Armor
Connection lost

Rejoining the realm…

Still unreachable

The connection could not be restored.

Session expired

The server has moved on; the page needs a fresh start.